 Dungeon Crawl Stone Soup version 0.19.0-2-gae57169 (webtiles) character file.

4552 Letos the Carver (level 10, -3/80 HPs)
             Began as a Formicid Fighter on Nov 4, 2016.
             Was a Priest of Zin.
             Slain by an enchanted hand axe (7 damage)
             ... on level 8 of the Dungeon.
             The game lasted 00:14:19 (9225 turns).

Letos the Carver (Formicid Fighter)                 Turns: 9225, Time: 00:14:19

Health: -3/80      AC: 11    Str: 25    XL:     10   Next: 67%
Magic:  14/14      EV:  8    Int:  9    God:    Zin [***...]
Gold:   291        SH:  0    Dex: 11    Spells: 1 memorised, 6 levels left

rFire  . . .     SeeInvis +     a - +0 long sword
rCold  . . .     Gourm    .     q - +0 chain mail
rNeg   . . .     Faith    .     (no shield)
rPois  ∞         Spirit   .     (helmet unavailable)
rElec  .         Reflect  .     r - +0 cloak
rCorr  .         Harm     .     D - +0 pair of gloves (curse)
MR     +....                    (no boots)
Stlth  ..........               (no amulet)
                                (no ring)
                                g - ring of teleportation (curse)

@: vitalised
A: permanent stasis, dig shafts and tunnels, four strong arms, antennae 3
a: Dig, Shaft Self, Recite, Vitalisation, Imprison, Donate Gold, Renounce
Religion


You were on level 8 of the Dungeon.
You worshipped Zin.
Zin was most pleased with you.
You were hungry.

You visited 2 branches of the dungeon, and saw 9 of its levels.

You collected 523 gold pieces.
You spent 200 gold pieces at shops.
You donated 32 gold pieces to Zin.

Inventory:

Hand Weapons
 a - a +0 long sword (weapon)
Missiles
 e - 5 poisoned tomahawks (quivered)
Armour
 c - a +1 shield
 q - a +0 chain mail (worn)
 r - a +0 cloak (worn)
 D - a cursed +0 pair of gloves (worn)
 G - a +0 pair of boots
Jewellery
 g - a cursed ring of teleportation (left hand)
Wands
 i - a wand of acid (7/15)
 y - a wand of hasting (2/9)
Scrolls
 p - 6 scrolls of remove curse
 t - a scroll of enchant armour
 u - a scroll of magic mapping {unknown}
 A - 3 scrolls of identify
 E - a scroll of fear
 H - a scroll of fog {unknown}
Potions
 b - a potion of resistance {unknown}
 h - 6 potions of flight
 j - 2 potions of curing
 k - 2 potions of magic
 l - 3 potions of cancellation
 m - 3 potions of degeneration {unknown}
 n - 2 potions of haste {unknown}
 s - 3 potions of mutation {unknown}
 x - a potion of invisibility {unknown}
 C - a potion of agility {unknown}
Books
 o - a book of Misfortune

   Spells                             Type                      Level
   a - Confusing Touch                Hexes                        1
   b - Confuse                        Hexes                        3
   c - Gell's Gravitas                Hexes/Translocation          3
   d - Petrify                        Transmutation/Earth          4
   e - Metabolic Englaciation         Hexes/Ice                    5
   f - Yara's Violent Unravelling     Hexes/Transmutation          5
 B - a book of Conjurations

   Spells                             Type                      Level
   a - Magic Dart                     Conjuration                  1
   b - Searing Ray                    Conjuration                  2
   c - Dazzling Spray                 Conjuration/Hexes            3
   d - Fulminant Prism                Conjuration/Hexes            4
   e - Iskenderun's Mystic Blast      Conjuration                  4
   f - Iskenderun's Battlesphere      Conjuration/Charms           5
 F - a book of Power

   Spells                             Type                      Level
   a - Fulminant Prism                Conjuration/Hexes            4
   b - Iskenderun's Mystic Blast      Conjuration                  4
   c - Venom Bolt                     Conjuration/Poison           5
   d - Bolt of Magma                  Conjuration/Fire/Earth       5
   e - Iron Shot                      Conjuration/Earth            6
   f - Orb of Destruction             Conjuration                  7
   g - Spellforged Servitor           Conjuration/Summoning        7
 I - a book of Party Tricks

   Spells                             Type                      Level
   a - Summon Butterflies             Summoning                    1
   b - Apportation                    Translocation                1
   c - Lesser Beckoning               Translocation                3
   d - Tukima's Dance                 Hexes                        3
   e - Alistair's Intoxication        Transmutation/Poison         5
   f - Invisibility                   Hexes                        6
Comestibles
 d - 3 chunks of flesh
 f - 6 bread rations
 v - 3 meat rations
 w - 4 beef jerkies
 z - 8 slices of pizza


   Skills:
 + Level 8.0 Fighting
 * Level 11.0 Long Blades
 - Level 2.2 Throwing
 - Level 3.2 Armour
 + Level 7.3 Shields
 + Level 5.6 Invocations


You had 6 spell levels left.
You knew the following spells:

 Your Spells              Type           Power        Failure   Level  Hunger
a - Dazzling Spray        Conj/Hex       #.....       100%        3    ####...


Dungeon Overview and Level Annotations

Branches:
Dungeon (8/15)             Temple (1/1) D:5
   Lair: D:8-11

Altars:
Ashenzari
Cheibriados
Elyvilon
Fedhas
Gozag
Hepliaklqana
Kikubaaqudgha
Makhleb
Nemelex Xobeh
Okawaru
Qazlal
Ru
Sif Muna
Trog
Uskayaw
Vehumet
Xom
Yredelemnul
Zin
The Shining One

Shops:
D:4 }**!(=   D:5 :==


Innate Abilities, Weirdness & Mutations

You are under a permanent stasis effect.
You can dig through walls and to a lower floor.
Your four strong arms can wield two-handed weapons with a shield.
You have a pair of large antennae on your head. (SInv)


Message History

The enchanted hand axe hits you.
* * * LOW HITPOINT WARNING * * *
The enchanted hand axe barely misses you.
You barely miss the enchanted hand axe. The enchanted hand axe hits you!
* * * LOW HITPOINT WARNING * * *
You hit the enchanted hand axe but do no damage.
The enchanted hand axe barely misses you.
Press: ? - help, v - describe, . - travel, g - get item
Here: an enchanted hand axe A dagger.
The floor.
You closely miss the enchanted hand axe.
The enchanted hand axe hits you.
* * * LOW HITPOINT WARNING * * *
You hit the enchanted hand axe.
The enchanted hand axe is lightly damaged.
The enchanted hand axe hits you.
* * * LOW HITPOINT WARNING * * *
The enchanted hand axe hits you!
You die...

#..##.###..........### #.# #.
#...#..##........#...#### #.####.
.#.##...#........###....###.##...
.#.#.?#.#####...#######.....##.#.
......#.# #.#...# ####.....#.
#..####.# #.###.## ##.#..##.
#.......# ###.###..## #..#..##.
#######.###.........# ##÷#......
# ..#...###@...## #....####. #
#.....#.(#....###..#)#..(. #
.._.#..#..#.##....#÷.(#( #
#...#..#..#.##..####(### #
#...####.##.....# ##># # ##
##.......#....#.# #.(# # .#
#......##.##.#.# #.## # .##
###.##.... #...###.# # ..#
#....### ##......# #


You could see an enchanted hand axe.

Vanquished Creatures
  A dancing weapon (D:8)
  Joseph (D:8)
  A hippogriff (D:8)
  A human (D:7)
  A yak (D:8)
  4 hogs (D:7)
  Edmund (D:5)
  A sky beast (D:8)
  2 black bears (D:8)
  5 ogres
  4 centaurs
  Blork the orc (D:5)
  A bullfrog (D:8)
  2 scorpions
  A vampire bat (D:3)
  A howler monkey (D:7)
  A centaur zombie (D:4)
  3 bullfrog zombies (D:4)
  5 crimson imps
  A jelly (D:4)
  3 orc wizards
  Crazy Yiuf (D:5)
  2 bullfrog skeletons (D:4)
  2 centaur skeletons
  4 orc priests
  A hound (D:8)
  An iguana (D:5)
  A worker ant (D:4)
  Ijyb (D:3)
  3 hound zombies
  A killer bee simulacrum (D:8)
  2 worker ant zombies (D:4)
  A howler monkey zombie (D:4)
  10 gnolls
  10 adders
  A hound simulacrum (D:8)
  An ufetubus (D:8)
  4 adder zombies
  An adder skeleton (D:7)
  3 worms
  9 dart slugs
  An adder simulacrum (D:8)
  3 leopard geckos
  17 orcs
  A bat skeleton (D:3)
  5 bat zombies (D:3)
  7 giant cockroaches
  14 goblins
  10 hobgoblins
  7 jackals
  5 quokkas
  2 ball pythons
  11 bats
  5 frilled lizards
  2 giant cockroach zombies (D:4)
  A jackal skeleton (D:4)
  2 jackal zombies (D:4)
  6 kobolds
  4 leopard gecko zombies
  2 quokka skeletons (D:4)
  A quokka zombie (D:4)
  8 rats
214 creatures vanquished.

Notes
Turn   | Place    | Note
-------+----------+-------------------------------------------
     0 | D:1      | Letos the Formicid Fighter began the quest for the Orb.
     0 | D:1      | Reached XP level 1. HP: 18/18 MP: 1/1
   461 | D:1      | Reached XP level 2. HP: 24/24 MP: 2/2
  1032 | D:2      | Reached XP level 3. HP: 30/30 MP: 3/3
  1039 | D:2      | Reached skill level 3 in Long Blades
  1217 | D:2      | Reached XP level 4. HP: 32/37 MP: 4/4
  1876 | D:2      | Reached skill level 4 in Long Blades
  1876 | D:2      | Reached XP level 5. HP: 13/43 MP: 5/5
  2365 | D:3      | Found a white marble altar of Elyvilon.
  2370 | D:3      | Found a shattered altar of Ashenzari.
  2573 | D:3      | Found a deep blue altar of Sif Muna.
  2758 | D:3      | Found an ancient bone altar of Kikubaaqudgha.
  2766 | D:3      | Reached XP level 6. HP: 44/50 MP: 6/6
  2852 | D:3      | Found an opulent altar of Gozag.
  3061 | D:3      | Reached skill level 5 in Long Blades
  3094 | D:3      | Noticed Ijyb
  3098 | D:3      | Killed Ijyb
  3247 | D:3      | Reached skill level 5 in Fighting
  3662 | D:4      | Found Papnyr's Distillery.
  3667 | D:4      | Bought a potion of might for 40 gold pieces
  3667 | D:4      | Bought a potion of heal wounds for 50 gold pieces
  3667 | D:4      | Bought a potion of might for 40 gold pieces
  3700 | D:4      | Found Xoagov's Serpentskin Sales.
  3714 | D:4      | Reached XP level 7. HP: 44/56 MP: 7/7
  3719 | D:4      | Reached skill level 6 in Long Blades
  3854 | D:4      | Bought 5 poisoned tomahawks for 70 gold pieces
  3864 | D:4      | Found Tasiuc's Assorted Antiques.
  3884 | D:4      | Found Huluboj's Gadget Shoppe.
  3912 | D:4      | Reached skill level 1 in Throwing
  3940 | D:4      | Reached skill level 7 in Long Blades
  4156 | D:4      | Reached XP level 8. HP: 46/62 MP: 8/8
  4467 | D:4      | Found a hazy altar of Hepliaklqana.
  4683 | D:4      | Reached skill level 8 in Long Blades
  4711 | D:4      | Found Goacosh's Jewellery Shoppe.
  4737 | D:4      | Found Hobiaru's Weapon Emporium.
  4926 | D:5      | Entered Level 5 of the Dungeon
  5021 | D:5      | Noticed Blork the orc
  5036 | D:5      | Killed Blork the orc
  5064 | D:5      | Found Xoath's Jewellery Shoppe.
  5717 | D:5      | Found a staircase to the Ecumenical Temple.
  5861 | Temple   | Entered the Ecumenical Temple
  6006 | Temple   | Became a worshipper of Zin the Law-Giver
  6006 | Temple   | Reached * piety under Zin
  6058 | D:5      | Found Feathrokh's Book Emporium.
  6059 | D:5      | Noticed Edmund
  6080 | D:5      | Killed Edmund
  6190 | D:5      | Reached skill level 1 in Invocations
  6190 | D:5      | Reached XP level 9. HP: 68/69 MP: 9/9
  6199 | D:5      | Found a sparkling altar of Nemelex Xobeh.
  6244 | D:5      | Found Miph's Jewellery Boutique.
  6249 | D:5      | Reached skill level 9 in Long Blades
  6310 | D:5      | Found a runed door.
  6314 | D:5      | Noticed Crazy Yiuf
  6322 | D:5      | Killed Crazy Yiuf
  6383 | D:6      | Reached skill level 5 in Shields
  6516 | D:6      | Found a radiant altar of Vehumet.
  6552 | D:6      | Found a sacrificial altar of Ru.
  6779 | D:6      | Reached ** piety under Zin
  7038 | D:6      | Learned a level 3 spell: Dazzling Spray
  7667 | D:7      | Reached *** piety under Zin
  7737 | D:7      | Reached skill level 10 in Long Blades
  7740 | D:7      | Reached XP level 10. HP: 23/79 MP: 11/13
  8855 | D:8      | Noticed Joseph
  8877 | D:8      | Killed Joseph
  8877 | D:8      | Reached skill level 5 in Invocations
  9155 | D:8      | Noticed an enchanted hand axe
  9155 | D:8      | Noticed a dagger
  9156 | D:8      | Found a hide-covered altar of Uskayaw.
  9184 | D:8      | Killed a dagger
  9184 | D:8      | Reached skill level 11 in Long Blades
  9225 | D:8      | HP: 4/80 [enchanted hand axe (1)]
  9225 | D:8      | Slain by an enchanted hand axe

Skill      XL: |  1  2  3  4  5  6  7  8  9 10 |
---------------+-------------------------------+-----
Fighting       | 4 5 7 8 |  8.0
Long Blades    | 3 4 5 7 8 10 11 | 11.0
Throwing       | 2 |  2.2
Shields        | 4 6 7 |  7.3
Invocations    | 1 4 5 |  5.6
Armour         | |  3.2

Action                   |  1- 3 |  4- 6 |  7- 9 | 10-12 || total
-------------------------+-------+-------+-------+-------++-------
Melee: Long sword        |    66 |   249 |   399 |   183 ||   897
Invok: Vitalisation      |       |       |       |     1 ||     1
 Abil: Dig               |       |     4 |     5 |     3 ||    12
  Use: Scroll            |       |     5 |     7 |       ||    12
       Potion            |       |       |     4 |     4 ||     8
  Eat: Chunk             |       |    10 |    11 |     3 ||    24
       Pizza             |       |       |     1 |     1 ||     2
       Beef jerky        |       |       |     1 |       ||     1
Armor: Scale mail        |    38 |    45 |       |       ||    83
       Chain mail        |       |   111 |   161 |   120 ||   392
Dodge: Dodged            |    42 |   146 |   147 |    73 ||   408
       Rpst.: Long sword |    17 |    52 |    51 |    21 ||   141
